IL
ROCHESTER RED WINGS @ ROUND ROCK EXPRESS
08/20/2047
 
TOP OF THE 1ST
Rochester Red Wings batting - Pitching for Round Rock Express : RHP J.J. Thompson
Pitching: RHP J.J. Thompson
Batting: LHB Per Meulengracht 0-0: Foul Ball, location: 2F
0-1: Foul Ball, location: 2F
0-2: Ball
1-2: Strikes out looking
Batting: LHB Matt Robertson 0-0: Ball
1-0: Called Strike
1-1: Fly out, F8 (Flyball, 89D, EV 93.8 MPH)
Batting: RHB Manuel Juarez 0-0: Called Strike
0-1: Foul Ball, location: 2F
0-2: Strikes out swinging
Top of the 1st over - 0 runs, 0 hits, 0 errors, 0 left on base; Rochester 0 - Round Rock 0
BOTTOM OF THE 1ST
Round Rock Express batting - Pitching for Rochester Red Wings : LHP Brian Walters
Pitching: LHP Brian Walters
Batting: RHB Stephen Charbonneau 0-0: Ball
1-0: Swinging Strike
1-1: Swinging Strike
1-2: Strikes out swinging
Batting: RHB Andy Wasierski 0-0: Foul Ball, location: 2F
0-1: Ball
1-1: Called Strike
1-2: Ball
2-2: Strikes out swinging
Batting: SHB David Simpson 0-0: Ball
1-0: Ball
2-0: Foul Ball, location: 2F
2-1: SINGLE (Groundball, 34D, EV 106.2 MPH)
Batting: RHB Kurt Wagner Pickoff Throw to First - Out! 1-3
Bottom of the 1st over - 0 runs, 1 hit, 0 errors, 0 left on base; Rochester 0 - Round Rock 0
TOP OF THE 2ND
Rochester Red Wings batting - Pitching for Round Rock Express : RHP J.J. Thompson
Batting: LHB Kuemon Shishido 0-0: Swinging Strike
0-1: Ball
1-1: Ball
2-1: Ball
3-1: Foul Ball, location: 2F
3-2: Fly out, F9 (Line Drive, 9, EV 84.4 MPH)
Batting: LHB Jayden Thomas 0-0: Ball
1-0: Called Strike
1-1: Ball
2-1: Ground out U3 (Groundball, 3L, EV 109.4 MPH)
Batting: RHB Israel Gaona 0-0: Called Strike
0-1: Ball
1-1: Ball
2-1: Called Strike
2-2: Foul Ball, location: 2F
2-2: Strikes out swinging
Top of the 2nd over - 0 runs, 0 hits, 0 errors, 0 left on base; Rochester 0 - Round Rock 0
BOTTOM OF THE 2ND
Round Rock Express batting - Pitching for Rochester Red Wings : LHP Brian Walters
Batting: RHB Kurt Wagner 0-0: Ball
1-0: SINGLE (Flyball, 9LS, EV 85.6 MPH)
Batting: RHB Ivan Colon 0-0: Foul Ball, location: 2F
0-1: Ball
1-1: Swinging Strike
1-2: Foul Ball, location: 2F
1-2: Foul Ball, location: 2F
1-2: Foul Ball, location: 2F
1-2: Hit by Pitch
Kurt Wagner to second
Batting: RHB Adryão Anto 0-0: Ball
1-0: Called Strike
1-1: Ball
2-1: Foul Ball, location: 2F
2-2: Foul Ball, location: 2F
2-2: Fielders Choice at 2nd, 3-6 (Groundball, 34, EV 80.0 MPH)
Kurt Wagner to third
Batting: LHB Alejandro Soriano 0-0: Called Strike
0-1: Ball
1-1: Ball
2-1: Fly out, F9 (Flyball, 89M, EV 75.6 MPH)
Runner from 3rd tags up, SCORES, throw by RF
Batting: RHB Casey Semenza 0-0: Called Strike
0-1: Ball
1-1: Ball
2-1: 2-RUN HOME RUN (Line Drive, 7D, EV 100.0 MPH), Distance : 383 ft
Batting: RHB Jeremy Boerman 0-0: Ball
1-0: Foul Ball, location: 2F
1-1: SINGLE (Groundball, 4MD, EV 93.8 MPH)
Batting: RHB Stephen Charbonneau 0-0: Ball
Jeremy Boerman is caught stealing 2nd base 2-4
Bottom of the 2nd over - 3 runs, 3 hits, 0 errors, 0 left on base; Rochester 0 - Round Rock 3
TOP OF THE 3RD
Rochester Red Wings batting - Pitching for Round Rock Express : RHP J.J. Thompson
Batting: RHB Jose Gracia 0-0: Ball
1-0: Called Strike
1-1: Ball
2-1: Ball
3-1: Base on Balls
Batting: RHB Jimmy Mayville 0-0: Called Strike
0-1: Swinging Strike
0-2: Ball
Pickoff Throw to First - Out! 1-3
1-2: Ground out 4-3 (Groundball, 4MD, EV 80.0 MPH)
Batting: RHB Kenny Reynolds 0-0: Ball
1-0: Foul Ball, location: 2F
1-1: Foul Ball, location: 2F
1-2: Foul Ball, location: 2F
1-2: Ball
2-2: Ball
3-2: Strikes out swinging
Top of the 3rd over - 0 runs, 0 hits, 0 errors, 0 left on base; Rochester 0 - Round Rock 3
BOTTOM OF THE 3RD
Round Rock Express batting - Pitching for Rochester Red Wings : LHP Brian Walters
Batting: RHB Stephen Charbonneau 0-0: Foul Ball, location: 2F
0-1: Ball
1-1: Ball
2-1: SINGLE (Flyball, 4MD, EV 93.8 MPH)
Batting: RHB Andy Wasierski 0-0: Called Strike
0-1: SINGLE (Flyball, 6MD, EV 91.9 MPH)
Stephen Charbonneau to second
Batting: SHB David Simpson 0-0: Called Strike
0-1: Swinging Strike
0-2: Ball
1-2: Ball
2-2: Strikes out swinging
Batting: RHB Kurt Wagner 0-0: Ball
1-0: Foul Ball, location: 2F
1-1: Foul Ball, location: 2F
1-2: Strikes out looking
Batting: RHB Ivan Colon 0-0: Called Strike
0-1: SINGLE (Groundball, 34D, EV 95.0 MPH)
Stephen Charbonneau to third
Andy Wasierski to second
Runner from 3rd tries for Home, SAFE, throw by RF to home
Batting: RHB Adryão Anto 0-0: Foul Ball, location: 2F
0-1: Ball
1-1: Fielders Choice at 2nd, 6-4 (Groundball, 6, EV 88.8 MPH)
Bottom of the 3rd over - 1 run, 3 hits, 0 errors, 2 left on base; Rochester 0 - Round Rock 4
TOP OF THE 4TH
Rochester Red Wings batting - Pitching for Round Rock Express : RHP J.J. Thompson
Batting: LHB Per Meulengracht 0-0: Ball
1-0: Ground out 4-3 (Groundball, 4, EV 84.4 MPH)
Batting: LHB Matt Robertson 0-0: Ball
1-0: Called Strike
1-1: Ground out 6-3 (Groundball, 6, EV 82.5 MPH)
Batting: RHB Manuel Juarez 0-0: Ball
1-0: Ball
2-0: Ball
3-0: Called Strike
3-1: Base on Balls
Batting: LHB Kuemon Shishido 0-0: Called Strike
Manuel Juarez is caught stealing 2nd base 2-6
Top of the 4th over - 0 runs, 0 hits, 0 errors, 0 left on base; Rochester 0 - Round Rock 4
BOTTOM OF THE 4TH
Round Rock Express batting - Pitching for Rochester Red Wings : LHP Brian Walters
Batting: LHB Alejandro Soriano 0-0: Called Strike
0-1: Ball
1-1: Foul Ball, location: 2F
1-2: SINGLE (Groundball, 4M, EV 106.9 MPH)
Batting: RHB Casey Semenza 0-0: Ball
1-0: Swinging Strike
1-1: Called Strike
1-2: Strikes out swinging
Batting: RHB Jeremy Boerman 0-0: Fielders Choice at 2nd, 3-6 (Groundball, 3S, EV 80.0 MPH)
Batting: RHB Stephen Charbonneau 0-0: Called Strike
Jeremy Boerman is caught stealing 2nd base 2-4
Bottom of the 4th over - 0 runs, 1 hit, 0 errors, 0 left on base; Rochester 0 - Round Rock 4
TOP OF THE 5TH
Rochester Red Wings batting - Pitching for Round Rock Express : RHP J.J. Thompson
Batting: LHB Kuemon Shishido 0-0: Ball
1-0: SINGLE (Groundball, 6D, EV 105.0 MPH)
Batting: LHB Jayden Thomas 0-0: Called Strike
0-1: Ball
1-1: Swinging Strike
1-2: Strikes out swinging
Batting: RHB Israel Gaona 0-0: Called Strike
0-1: Foul Ball, location: 2F
0-2: Ball
1-2: Ball
2-2: Strikes out swinging
Batting: RHB Jose Gracia 0-0: Ball
1-0: Ball
2-0: Called Strike
2-1: Swinging Strike
2-2: Strikes out swinging
Top of the 5th over - 0 runs, 1 hit, 0 errors, 1 left on base; Rochester 0 - Round Rock 4
BOTTOM OF THE 5TH
Round Rock Express batting - Pitching for Rochester Red Wings : LHP Brian Walters
Batting: RHB Stephen Charbonneau 0-0: Ball
1-0: Ball
2-0: Called Strike
2-1: Foul Ball, location: 2F
2-2: Foul Ball, location: 2F
2-2: Ball
3-2: Foul Ball, location: 2F
3-2: Strikes out looking
Batting: RHB Andy Wasierski 0-0: Called Strike
0-1: DOUBLE (Groundball, 5L, EV 95.0 MPH)
Batting: SHB David Simpson 0-0: Ball
1-0: Called Strike
1-1: Called Strike
1-2: Ball
2-2: Foul Ball, location: 2F
2-2: Strikes out swinging
Batting: RHB Kurt Wagner 0-0: Ball
1-0: Foul Ball, location: 2F
1-1: Fly out, F6 (Popup, 6D, EV 70.6 MPH)
Bottom of the 5th over - 0 runs, 1 hit, 0 errors, 1 left on base; Rochester 0 - Round Rock 4
TOP OF THE 6TH
Rochester Red Wings batting - Pitching for Round Rock Express : RHP J.J. Thompson
Batting: RHB Jimmy Mayville 0-0: Ball
1-0: Foul Ball, location: 2F
1-1: Called Strike
1-2: Strikes out looking
Batting: RHB Kenny Reynolds 0-0: Ball
1-0: Called Strike
1-1: Ball
2-1: Foul Ball, location: 2F
2-2: Ball
3-2: Strikes out swinging
Batting: LHB Per Meulengracht 0-0: Ground out U3 (Groundball, 3, EV 86.9 MPH)
Top of the 6th over - 0 runs, 0 hits, 0 errors, 0 left on base; Rochester 0 - Round Rock 4
BOTTOM OF THE 6TH
Round Rock Express batting - Pitching for Rochester Red Wings : LHP Brian Walters
Batting: RHB Ivan Colon 0-0: Fly out, F9 (Flyball, 89M, EV 86.2 MPH)
Batting: RHB Adryão Anto 0-0: Ball
1-0: Called Strike
1-1: Foul Ball, location: 2F
1-2: Foul Ball, location: 2F
1-2: Fly out, F7 (Flyball, 7D, EV 83.8 MPH)
Batting: LHB Alejandro Soriano 0-0: Ball
1-0: Ground out 4-3 (Groundball, 4, EV 103.8 MPH)
Bottom of the 6th over - 0 runs, 0 hits, 0 errors, 0 left on base; Rochester 0 - Round Rock 4
TOP OF THE 7TH
Rochester Red Wings batting - Pitching for Round Rock Express : RHP J.J. Thompson
Now at 1B: Lee Gerken
Batting: LHB Matt Robertson 0-0: Ball
1-0: Fly out, F7 (Flyball, 7D, EV 88.8 MPH)
Batting: RHB Manuel Juarez 0-0: Ground out 4-3 (Groundball, 4, EV 98.8 MPH)
Batting: LHB Kuemon Shishido 0-0: Ball
1-0: Ball
2-0: Ball
3-0: Called Strike
3-1: Foul Ball, location: 2F
3-2: Strikes out swinging
Top of the 7th over - 0 runs, 0 hits, 0 errors, 0 left on base; Rochester 0 - Round Rock 4
BOTTOM OF THE 7TH
Round Rock Express batting - Pitching for Rochester Red Wings : LHP Brian Walters
Batting: RHB Casey Semenza 0-0: Foul Ball, location: 2F
0-1: Ball
1-1: Ball
2-1: Ball
3-1: Base on Balls
Pitching: LHP Ryan Fulford
Batting: RHB Jeremy Boerman 0-0: Called Strike
0-1: Grounds into double play, 5-4-3 (Groundball, 5, EV 100.6 MPH)
Batting: RHB Stephen Charbonneau 0-0: Called Strike
0-1: Ball
1-1: Swinging Strike
1-2: Fly out, F9 (Flyball, 89S, EV 78.1 MPH)
Bottom of the 7th over - 0 runs, 0 hits, 0 errors, 0 left on base; Rochester 0 - Round Rock 4
TOP OF THE 8TH
Rochester Red Wings batting - Pitching for Round Rock Express : RHP J.J. Thompson
Pitching: RHP Hector Bojorquez
Batting: LHB Jayden Thomas 0-0: Foul Ball, location: 2F
0-1: Foul Ball, location: 2F
0-2: Foul Ball, location: 2F
0-2: Strikes out swinging
Batting: RHB Israel Gaona 0-0: Ball
1-0: Called Strike
1-1: Fly out, F8 (Line Drive, 78M, EV 93.1 MPH)
Batting: RHB Jose Gracia 0-0: Ball
1-0: Called Strike
1-1: Ball
2-1: Foul Ball, location: 2F
2-2: Strikes out swinging
Top of the 8th over - 0 runs, 0 hits, 0 errors, 0 left on base; Rochester 0 - Round Rock 4
BOTTOM OF THE 8TH
Round Rock Express batting - Pitching for Rochester Red Wings : LHP Ryan Fulford
Batting: RHB Andy Wasierski 0-0: Foul Ball, location: 2F
0-1: Called Strike
0-2: Foul Ball, location: 2F
0-2: Ball
1-2: Ball
2-2: Foul Ball, location: 2F
2-2: Foul Ball, location: 2F
2-2: Foul Ball, location: 2F
2-2: Foul Ball, location: 2F
2-2: Foul Ball, location: 2F
2-2: Ball
3-2: SINGLE (Line Drive, 7S, EV 103.1 MPH)
Batting: LHB Lee Gerken 0-0: Ball
1-0: Called Strike
1-1: Foul Ball, location: 2F
1-2: Strikes out swinging
Batting: RHB Kurt Wagner 0-0: Ball
1-0: Ball
2-0: Called Strike
2-1: Swinging Strike
2-2: Strikes out swinging
Batting: RHB Ivan Colon 0-0: Ball
1-0: Swinging Strike
1-1: Ball
2-1: Called Strike
2-2: Ground out U3 (Groundball, 3L, EV 82.5 MPH)
Bottom of the 8th over - 0 runs, 1 hit, 0 errors, 1 left on base; Rochester 0 - Round Rock 4
TOP OF THE 9TH
Rochester Red Wings batting - Pitching for Round Rock Express : RHP Hector Bojorquez
Batting: RHB Jimmy Mayville 0-0: Ball
1-0: Ball
2-0: Ball
3-0: Base on Balls
Batting: RHB Kenny Reynolds 0-0: Called Strike
0-1: Called Strike
0-2: Ball
1-2: Ball
2-2: Strikes out swinging
Batting: LHB Per Meulengracht 0-0: Ball
1-0: Ball
2-0: Foul Ball, location: 2F
2-1: Ground out 5-3 (Groundball, 56S, EV 69.4 MPH)
Jimmy Mayville to second
Batting: LHB Matt Robertson 0-0: Ball
1-0: Ball
2-0: Ground out 4-3 (Groundball, 4, EV 78.8 MPH)
Top of the 9th over - 0 runs, 0 hits, 0 errors, 1 left on base; Rochester 0 - Round Rock 4
Thursday, December 15th , 2022 - OOTP Baseball 23.9 Build 102